AoeStats
← [GDL] Maldito Pantoja

Arena

510032175Analyzed
4v4 RM · 2d ago on Sep 29, 2026· 38m 44s· 8 players
Game mode
Random Map
Map size
Large (8 player)
Population
200
Speed
Normal
Resources
Standard
Victory
Conquest
Starting age
Dark Age
Ending age
Imperial Age
RankedLock teamsTeams togetherTeam positionsShared explorationLock speedFull tech treeHidden civsTurbo modeCheats
Victory
Defeat
🇨🇴 Burgundians · Colombia
1439
+8
🇲🇽 Sicilians · Mexico
1279
+14
🇲🇽 Teutons · Mexico
1241
+16
🇲🇽 Persians · Mexico
1189
+19
🇨🇳 Britons · China
1270
-15
🇺🇸 Turks · United States
1259
-15
🇺🇸 Vietnamese · United States
1247
-14
🇵🇪 Varangians · Peru
1206
-13
critchen
12:24 Feudal Age
13:33 Double-Bit Axe
16:17 Castle Age
14:52 Horse Collar
20:15 Imperial Age
18:03 Gold Mining
19:09 Bow Saw
greenfalls14
10:25 Feudal Age
14:22 Double-Bit Axe
19:55 Castle Age
21:56 Bow Saw
22:19 Horse Collar
25:59 Fletching
28:53 Bodkin Arrow
31:43 Padded Archer Armor
34:48 Ballistics
37:38 Imperial Age
37:02 Wheelbarrow
36:34 Heavy Plow
37:36 Pikeman
38:33 Forging
38:27 Scale Mail Armor
Christ
10:29 Feudal Age
14:04 Castle Age
11:58 Double-Bit Axe
12:25 Horse Collar
15:17 Bow Saw
22:28 Squires
22:13 Arson
22:36 Scale Mail Armor
24:11 Arson
24:45 Chain Mail Armor
24:41 Forging
24:44 Gambesons
28:59 Imperial Age
26:48 Loom
28:23 Iron Casting
27:59 Gold Mining
29:02 Elite Varangian Guard
30:54 Blast Furnace
31:21 Plate Mail Armor
37:54 Conscription
xcfotrp131
9:40 Feudal Age
10:43 Loom
15:19 Castle Age
33:13 Wheelbarrow
36:56 Gold Mining
[GDL] SEVONENKO
5:17 Loom
8:11 Feudal Age
13:01 Fletching
16:56 Town Watch
18:14 Horse Collar
22:05 Double-Bit Axe
26:01 Castle Age
25:13 Gold Mining
27:17 Wheelbarrow
26:57 Heavy Plow
27:18 Bow Saw
28:55 Elite Skirmisher
31:36 Ballistics
35:44 Bodkin Arrow
35:52 Padded Archer Armor
38:27 Hand Cart
39:21 First Crusade
39:19 Scale Mail Armor
[GDL] El Bromas
6:31 Loom
9:24 Feudal Age
10:24 Town Watch
11:28 Fletching
24:03 Castle Age
22:51 Horse Collar
22:57 Double-Bit Axe
29:07 Imperial Age
28:04 Bodkin Arrow
29:51 Fortified Wall
31:12 Chemistry
33:55 Ballistics
37:12 Scale Mail Armor
38:15 Forging
39:40 Iron Casting
[GDL] Maldito Pantoja
10:19 Feudal Age
10:07 Loom
11:54 Feudal Age
13:07 Loom
16:11 Castle Age
16:08 Forging
16:39 Scale Barding Armor
17:42 Horse Collar
20:28 Double-Bit Axe
20:33 Gold Mining
22:50 Wheelbarrow
23:32 Husbandry
25:55 Heavy Plow
27:15 Hand Cart
28:01 Bloodlines
33:14 Imperial Age
32:01 Chain Barding Armor
32:36 Iron Casting
33:34 Gold Shaft Mining
33:10 Bow Saw
32:59 Cavalier
35:41 Blast Furnace
35:50 Stone Mining
36:30 Crop Rotation
38:48 Plate Barding Armor
[GDL]HULKMEN_GT
5:27 Double-Bit Axe
10:53 Feudal Age
9:20 Horse Collar
14:44 Castle Age
16:15 Heavy Plow
16:32 Bow Saw
21:14 Wheelbarrow
21:36 Crop Rotation
23:05 Gold Mining
23:34 Stone Mining
24:35 Hand Cart
27:40 Stone Shaft Mining
27:41 Gold Shaft Mining
28:08 Two-Man Saw
29:44 Imperial Age
27:27 Husbandry
26:49 Cavalier
27:52 Scale Barding Armor
28:22 Forging
28:13 Loom
28:16 Town Watch
29:48 Chain Barding Armor
30:04 Iron Casting
30:45 Conscription
30:30 Paladin
34:28 Plate Barding Armor
34:54 Blast Furnace
Connection lost

Rejoining the realm…

Still unreachable

The connection could not be restored.

Session expired

The server has moved on; the page needs a fresh start.